 Dungeon Crawl Stone Soup version 0.31-a0-180-g519b7de00c (webtiles) character file.

Game seed: 9433535846977382409

158 qw the Shooter (level 5, -5/49 HPs)
             Began as a Naga Hunter on June 19, 2023.
             Slain by a worm (7 damage)
             ... on level 3 of the Dungeon.
             The game lasted 00:00:41 (1803 turns).

qw the Shooter (Naga Hunter)                        Turns: 1803, Time: 00:00:41

Health: -5/49      AC:  9    Str: 13    XL:     5   Next: 40%
Magic:  5/5        EV:  7    Int: 10    God:
Gold:   68         SH:  0    Dex: 16    Spells: 4/4 levels left

rFire   . . .        Y - +0 shortbow
rCold   . . .        (shield currently unavailable)
rNeg    . . .        c - +0 leather armour
rPois   +            l - +0 helmet
rElec   .            (no cloak)
rCorr   .            k - +0 pair of gloves
SInv    +            d - +0 barding
Will    .....        (no amulet)
Stlth   ++           (no ring)
HPRegen 0.28/turn    (no ring)
MPRegen 0.09/turn

%: no passive effects
@: short of breath, very slow
A: AC +1, large, see invisible, deformed body, poison resistance, slowness 2,
spit poison 1, naga tail 1
a: Spit Poison


You were on level 3 of the Dungeon.
You visited 1 branch of the dungeon, and saw 3 of its levels.

You collected 68 gold pieces.


Innate Abilities, Weirdness & Mutations

Your serpentine skin is tough. (AC +1)
You have supernaturally acute eyesight. (SInv)
Armour fits poorly on your strangely shaped body.
Your system is resistant to poisons. (rPois)
You cover ground very slowly.
You can spit poison.
You have a snake-like lower body.


   Skills:
 - Level 3.0 Fighting
 + Level 5.1 Ranged Weapons
 - Level 1.4 Armour
 - Level 1.5 Dodging
 - Level 1.5 Stealth


You had 4 spell levels left.
You didn't know any spells.
Your spell library was empty.

Inventory:

Hand Weapons
 Y - a +0 shortbow (weapon)
Armour
 c - a +0 leather armour (worn)
 d - a +0 barding (worn)
 k - a +0 pair of gloves (worn)
 l - a +0 helmet (worn)
Scrolls
 h - 2 scrolls of identify
Potions
 a - a potion of resistance {unknown}
 b - a potion of brilliance {unknown}
 e - a potion of berserk rage {unknown}
 f - a potion of curing {unknown}
 g - a potion of cancellation {unknown}

Dungeon Overview and Level Annotations

Branches:
Dungeon (3/15)

Altars:

Shops:
D:2 :!


Message History

The worm bites you but does no damage. The worm bites you.
1796 ||| INVOKING Spit Poison.
Aiming: Spit Poison (1% risk of failure)
Press: ? - help, Shift-Dir - straight line, f - worm The splash of poison hits the worm but does no damage.
The jackal bites you but does no damage.
You shoot an arrow. The arrow hits the worm!
The worm is heavily wounded.
The jackal bites you but does no damage.
The worm bites you!
The jackal bites you but does no damage.
The worm bites you!
You shoot an arrow. The arrow hits the worm!
The worm is almost dead.
The jackal barely misses you. The worm barely misses you. The worm bites you.
The jackal barely misses you.
You shoot an arrow. The arrow hits the worm.
The worm is almost dead.
The jackal bites you but does no damage.
The worm bites you.
You shoot an arrow. The arrow hits the worm.
You kill the worm!
The jackal bites you but does no damage.
The jackal closely misses you. The worm bites you but does no damage.
You shoot an arrow. The arrow hits the worm.
The worm is lightly wounded.
You have got your breath back.
The jackal bites you but does no damage. x2
The worm bites you.
1802 ||| INVOKING Spit Poison.
Aiming: Spit Poison (1% risk of failure)
Press: ? - help, Shift-Dir - straight line, f/p - worm The splash of poison hits the worm.
The worm is lightly wounded.
The jackal bites you but does no damage.
You shoot an arrow. The arrow hits the worm.
The worm is moderately wounded.
The jackal bites you but does no damage.
The worm bites you!
You die...

#....... . #. ##.#.#.##
. #. #.### .....#...
..#.##.#.. # #.# ####
.....<#.# ###.######
#..[[#.# ##.....)...
#.#....#.# #..#...)...
......w%%#####.##.......
#.h@.#.......)......
....<..#...##.##........
....##.#...#............
#.. ..#..>...###.......
# ##.#.....## ########
#.#.##### #.#.# #.#.#
..#


You could see a worm and a jackal.

Vanquished Creatures
  An orc priest (D:3)
  Natasha (twice) (D:2)
  2 adders
  2 worms
  3 dart slugs
  2 orcs (D:3)
  2 ball pythons (D:1)
  5 endoplasms
  A giant cockroach (D:2)
  A goblin (D:1)
  7 hobgoblins
  3 jackals (D:3)
  A quokka (D:1)
  4 bats
  2 frilled lizards (D:1)
  3 kobolds
  4 rats (D:1)
45 creatures vanquished.

Notes
Turn   | Place    | Note
-------+----------+-------------------------------------------
     0 | D:1      | qw the Naga Hunter began the quest for the Orb.
     0 | D:1      | Reached XP level 1. HP: 19/19 MP: 1/1
     0 | D:1      | 0 ||| qw: Version: 0.3-a-7-ge0c9b40
     0 | D:1      | 0 ||| qw: Game counter: 1074
     0 | D:1      | 0 ||| qw: Always use a shield: true
     0 | D:1      | 0 ||| qw: God list: Okawaru
     0 | D:1      | 0 ||| qw: Allow faded altars: false
     0 | D:1      | 0 ||| qw: Do Orc after D:15 true
     0 | D:1      | 0 ||| qw: Do second Lair branch before Depths: true
     0 | D:1      | 0 ||| qw: Lair rune preference: random
     0 | D:1      | 0 ||| qw: Plans: Normal
     0 | D:1      | 0 ||| PLANNING D:1-11
    14 | D:1      | 14 ||| INVOKING Spit Poison.
    98 | D:1      | Found a faded altar of an unknown god.
   103 | D:1      | 103 ||| INVOKING Spit Poison.
   104 | D:1      | 104 ||| INVOKING Spit Poison.
   109 | D:1      | Reached skill level 4 in Ranged Weapons
   109 | D:1      | Reached XP level 2. HP: 26/26 MP: 2/2
   112 | D:1      | 112 ||| INVOKING Spit Poison.
   138 | D:1      | 138 ||| INVOKING Spit Poison.
   256 | D:1      | 256 ||| INVOKING Spit Poison.
   277 | D:1      | 277 ||| INVOKING Spit Poison.
   331 | D:1      | 331 ||| INVOKING Spit Poison.
   336 | D:1      | 336 ||| INVOKING Spit Poison.
   341 | D:1      | 341 ||| INVOKING Spit Poison.
   429 | D:1      | 429 ||| INVOKING Spit Poison.
   434 | D:1      | 434 ||| INVOKING Spit Poison.
   435 | D:1      | Reached XP level 3. HP: 32/32 MP: 3/3
   455 | D:1      | 455 ||| INVOKING Spit Poison.
   639 | D:1      | 639 ||| INVOKING Spit Poison.
   660 | D:1      | 660 ||| INVOKING Spit Poison.
   683 | D:1      | 683 ||| INVOKING Spit Poison.
   696 | D:1      | 696 ||| READING scroll labelled COTZYRUCUW.
   697 | D:1      | 697 ||| READING scroll labelled IGHUCZEDUYGH.
   698 | D:1      | 698 ||| READING scroll labelled PUABEN SOMM.
   699 | D:1      | 699 ||| DROPPING scroll of butterflies.
   827 | D:2      | 827 ||| INVOKING Spit Poison.
   890 | D:2      | 890 ||| INVOKING Spit Poison.
   998 | D:2      | Noticed Natasha
   999 | D:2      | 999 ||| INVOKING Spit Poison.
  1004 | D:2      | Killed Natasha
  1018 | D:2      | Noticed Natasha
  1020 | D:2      | 1020 ||| INVOKING Spit Poison.
  1026 | D:2      | 1026 ||| INVOKING Spit Poison.
  1028 | D:2      | Reached skill level 5 in Ranged Weapons
  1028 | D:2      | Reached XP level 4. HP: 31/39 MP: 4/4
  1030 | D:2      | Killed Natasha
  1121 | D:2      | 1121 ||| INVOKING Spit Poison.
  1163 | D:2      | Found Ufem's Vocational Training.
  1165 | D:2      | 1165 ||| INVOKING Spit Poison.
  1171 | D:2      | 1171 ||| INVOKING Spit Poison.
  1201 | D:2      | Found Naeggaul's Distillery.
  1210 | D:2      | 1210 ||| SHOPLISTING potion of curing (36 gold, have 32).
  1210 | D:2      | 1210 ||| SHOPLISTING potion of enlightenment (60 gold, have
                  | 32).
  1210 | D:2      | 1210 ||| SHOPLISTING potion of might (48 gold, have 32).
  1234 | D:2      | 1234 ||| INVOKING Spit Poison.
  1237 | D:2      | 1237 ||| INVOKING Spit Poison.
  1285 | D:2      | 1285 ||| INVOKING Spit Poison.
  1289 | D:2      | Reached skill level 3 in Fighting
  1443 | D:2      | 1443 ||| INVOKING Spit Poison.
  1447 | D:2      | 1447 ||| INVOKING Spit Poison.
  1540 | D:2      | 1540 ||| UPGRADING to +0 barding.
  1545 | D:2      | 1545 ||| UPGRADING to +0 pair of gloves.
  1550 | D:2      | 1550 ||| UPGRADING to +0 helmet.
  1555 | D:2      | 1555 ||| DROPPING amulet of magic regeneration.
  1556 | D:2      | 1556 ||| READING scroll labelled DUS NUJELAOWNI.
  1557 | D:2      | 1557 ||| READING 2 scrolls of identify.
  1557 | D:2      | 1557 ||| IDENTIFYING fizzy inky potion
  1558 | D:2      | 1558 ||| DROPPING potion of ambrosia.
  1610 | D:3      | 1610 ||| INVOKING Spit Poison.
  1613 | D:3      | 1613 ||| INVOKING Spit Poison.
  1678 | D:3      | 1678 ||| INVOKING Spit Poison.
  1681 | D:3      | Reached skill level 1 in Armour
  1681 | D:3      | Reached XP level 5. HP: 33/49 MP: 5/5
  1682 | D:3      | 1682 ||| INVOKING Spit Poison.
  1779 | D:3      | 1779 ||| INVOKING Spit Poison.
  1783 | D:3      | 1783 ||| INVOKING Spit Poison.
  1787 | D:3      | 1787 ||| INVOKING Spit Poison.
  1793 | D:3      | 1793 ||| INVOKING Spit Poison.
  1796 | D:3      | 1796 ||| INVOKING Spit Poison.
  1798 | D:3      | HP: 11/49 [worm (4)]
  1799 | D:3      | HP: 5/49 [worm (6)]
  1801 | D:3      | HP: 2/49 [worm (4)]
  1802 | D:3      | 1802 ||| INVOKING Spit Poison.
  1803 | D:3      | Slain by a worm

Levels and vault maps discovered:
D:1:      nicolae_arrival_somewhat_less_tricky_arrival, layout_basic,
          basic_ecumenical_altar, st_stairs_2
D:2:      layout_basic, serial_shops, shop, hangedman_feature_mirror,
          nicolae_shop_vocational, uniq_natasha
D:3:      wad_crossroads, layout_basic

Skill      XL: |  1  2  3  4 |
---------------+-------------+-----
Ranged Weapons | 4 5 |  5.1
Fighting       | 3 |  3.0
Armour         | 1 |  1.4
Dodging        | |  1.5
Stealth        | |  1.5

Action                     |  1- 3 |  4- 6 || total
---------------------------+-------+-------++-------
   Fire: Shortbow          |    60 |    54 ||   114
Ability: Spit Poison       |    20 |    18 ||    38
    Use: Scroll            |     3 |     2 ||     5
 Armour: Leather armour    |    11 |    37 ||    48
  Dodge: Dodged            |    34 |    26 ||    60

Table legend:
 A = Non-vault XP
 B = Vault XP
 C = Vault XP percentage of total XP
 D = Non-vault monster count
 E = Vault monster count
 F = Vault count percentage of total count
                 A         B        C        D         E       F
            +---------+---------+-------+---------+---------+-------
      Total |     189 |      38 |  16.7 |      42 |       3 |   6.7
            +---------+---------+-------+---------+---------+-------
        D:1 |      38 |       2 |   5.0 |      21 |       2 |   8.7
        D:2 |      69 |      36 |  34.3 |      10 |       1 |   9.1
        D:3 |      82 |       0 |   0.0 |      11 |       0 |   0.0
            +---------+---------+-------+---------+---------+-------
